 Dungeon Crawl Stone Soup version 0.17-a0-1582-ge6b0260 (webtiles) character file.

94 Chiseanne the Covered (level 4, -1/51 HPs)
             Began as a Demonspawn Wanderer on July 27, 2015.
             Killed by divine providence
             ... invoked by an orc priest
              (12 damage)
             ... on level 3 of the Dungeon.
             The game lasted 00:05:30 (1935 turns).

Chiseanne the Covered (Demonspawn Wanderer)         Turns: 1935, Time: 00:05:30

Health: -1/51      AC: 22    Str: 11    XL:     4   Next: 38%
Magic:  4/4        EV:  2    Int: 17    God:
Gold:   77         SH:  5    Dex: 14    Spells: 0 memorised, 3 levels left

rFire  . . .     SeeInvis .     b - +0 mace
rCold  . . .     Clarity  .     (armour currently unavailable)
rNeg   + + +     SustAt   .     o - +1 buckler
rPois  +         Gourm    .     (helmet currently unavailable)
rElec  .         Spirit   .     (cloak currently unavailable)
rCorr  .         Warding  .     (gloves currently unavailable)
rMut   .         NoTele   +     (boots currently unavailable)
MR     +....                    (no amulet)
Stlth  ++++......               k - ring of protection from magic
                                q - +3 ring of dexterity

@: lethally poisoned (-1 -> -2), tree-form, somewhat resistant to hostile
enchantments, stealthy
A: (slimy green scales 0), nightstalker 2
a: no special abilities


You were on level 3 of the Dungeon.
You were not hungry.
You were a tree.
You visited 1 branch of the dungeon, and saw 3 of its levels.

You collected 77 gold pieces.

Inventory:

Hand weapons
 b - a +0 mace (weapon)
Missiles
 l - 29 arrows
Armour
 a - a +2 scale mail (melded)
 o - a +1 buckler (worn)
Jewellery
 f - an uncursed ring of magical power
 k - a ring of protection from magic (right branch)
 q - a +3 ring of dexterity (left branch)
Scrolls
 g - a scroll of teleportation
Potions
 h - a potion of flight
 t - a potion of might {unknown}
 u - a potion of cure mutation {unknown}
Books
 s - a book of Ice

   Spells                             Type                      Level
   a - Ice Form                       Ice/Transmutation            4
   b - Metabolic Englaciation         Hexes/Ice                    5
   c - Ozocubu's Refrigeration        Ice                          6
   d - Bolt of Cold                   Conjuration/Ice              6
   e - Freezing Cloud                 Conjuration/Ice/Air          6
   f - Simulacrum                     Ice/Necromancy               6
Comestibles
 d - 3 bread rations
 m - a meat ration
 n - a royal jelly
 p - a chunk of flesh
 v - 2 beef jerkies


   Skills:
 * Level 2.6 Fighting
 - Level 2.6 Maces & Flails
 * Level 4.0 Armour
 - Level 1.2 Dodging
 - Level 1.0 Stealth
 * Level 1.6 Shields
   Level 1.0 Evocations


You had 3 spell levels left.
You didn't know any spells.

Dungeon Overview and Level Annotations

Branches:
Dungeon (3/15)

Altars:
Fedhas


Innate Abilities, Weirdness & Mutations

((You are partially covered in slimy green scales (AC +2).))
You are significantly more attuned to the shadows.


Message History

The adder is severely wounded.
You feel sick. The adder bites you but does no damage.
You block the adder's attack.
The orc wizard casts a spell.
The orc wizard blinks!
You hit the adder.
The adder is almost dead.
The adder bites you but does no damage.
You barely miss the adder.
The adder is almost dead.
The adder bites you but does no damage. x2
You hit the adder.
You kill the adder!
Your Armour skill increases to level 4!
You feel sick. The orc hits you but does no damage.
You hit the orc.
The orc is heavily wounded.
The orc priest mumbles some strange prayers to Beogh against you.
Something smites you!
You die...

#.##†....#..
#.#..
#.##.##.##.#
#.#.#
#....##..#.#
#.#..
########.#.#
#.### #...#
#.# # ##..#
#.# #..#
#.### ##.#
#.... #♣#
####. #o#
...#.
#goo..#
...#.
#o#...#
.....
#.#.... #
#.... ...
..#
#..###.###
.#$ .##
#......###
#)#.. #.###


You could see an orc priest, an orc wizard, an orc and a hobgoblin.

Vanquished Creatures
  4 adders (D:3)
  3 giant geckos
  6 orcs (D:3)
  A ball python (D:2)
  4 bats
  A hobgoblin (D:1)
  4 jackals (D:1)
  4 giant cockroaches
  5 giant newts
  5 goblins (D:1)
  9 kobolds
  10 rats
56 creatures vanquished.

Notes
Turn   | Place    | Note
--------------------------------------------------------------
     0 | D:1      | Chiseanne the Demonspawn Wanderer began the quest for the Orb.
     0 | D:1      | Chiseanne set off with: a +2 scale mail, a +0 mace, a potion of lignification, a bread ration
     0 | D:1      | Reached XP level 1. HP: 15/15 MP: 1/1
   306 | D:1      | Gained mutation: You are partially covered in slimy green scales (AC +2). [demonic ancestry]
   306 | D:1      | Reached XP level 2. HP: 19/21 MP: 2/2
   593 | D:1      | Reached skill level 1 in Dodging
   698 | D:1      | Gained mutation: You are slightly more attuned to the shadows. [demonic ancestry]
   698 | D:1      | Reached XP level 3. HP: 24/27 MP: 3/3
  1561 | D:3      | Reached skill level 1 in Shields
  1572 | D:3      | Gained mutation: You are significantly more attuned to the shadows. [demonic ancestry]
  1572 | D:3      | Reached XP level 4. HP: 19/34 MP: 4/4
  1850 | D:3      | Found a blossoming altar of Fedhas.
  1934 | D:3      | Reached skill level 4 in Armour
  1935 | D:3      | Killed from afar by an orc priest

Vault maps used:
D:1:      dpeg_arrival_arbitrary_a, minmay_misc_feat_x, minmay_vboxes
D:2:      first_bread
D:3:      lemuel_upstairs_altar, overflow_temple_1_default

Action                   |  1- 3 |  4- 6 || total
-------------------------+-------+-------++-------
Melee: Mace              |   188 |    51 ||   239
  Use: Scroll            |     5 |     3 ||     8
       Potion            |       |     2 ||     2
 Stab: Sleeping          |       |     1 ||     1
  Eat: Chunk             |     1 |     3 ||     4
